Cogmind - Beta 15 *** ADVENTURER MODE // 2025.05.07 @ 03:26:34 Player: Rotpup_ Result: Destroyed by as-19708 with Assembled Rifle Performance ------------- Evolutions (0) 0 Regions Visited (4) 800 Robots Destroyed (23) 115 Value Destroyed (417) 417 Prototype IDs (2) 40 Alien Tech Used (0) 0 Bonus (0) 0 TOTAL SCORE: 1372 Bonus ------- None Cogmind --------- Core Integrity 0/250 Matter 300/300 Energy 100/100 System Corruption 0% Temperature Cool (0) Movement Core (400) Ox7 Location -9/Mines Parts ------- > --- POWER (1) -------- (None) > --- PROPULSION (2) --- (None) > --- UTILITY (2) ------ Large Storage Unit > --- WEAPON (2) ------- Heavy Hammer > --- INVENTORY (15) --- Light Deuterium Engine Light Treads Heat Sink Large Storage Unit Experimental Sensor Array Signal Interpreter Hardened Light Armor Plating Peak State ------------ > --- POWER ------------ Light Nuclear Core > --- PROPULSION ------- Light Treads Light Treads > --- UTILITY ---------- Medium Storage Unit Seismic Detector > --- WEAPON ----------- Heavy EM Pulse Gun Heavy EM Pulse Gun > --- INVENTORY -------- Light Deuterium Engine Light Treads Light Treads Heat Sink Small Storage Unit Experimental Sensor Array Signal Interpreter Hardened Light Armor Plating Heavy EM Pulse Gun Heavy Hammer [Rating: 13] Favorites ----------- Power Light Nuclear Core Engine Ion Engine Power Core Light Nuclear Core Propulsion Light Treads Treads Light Treads Utility Seismic Detector Device Seismic Detector Storage Medium Storage Unit Weapon Heavy EM Pulse Gun Energy Gun Heavy EM Pulse Gun Ballistic Gun Assault Rifle Impact Weapon Heavy Hammer Build | -11 -10 -10 -10 -9 ------- Run | Yrd Mat Min Exi Min Slots Evolved . | . . . . . Power . | . . . . . Propulsion . | . . . . . Utility . | . . . . . Weapon . | . . . . . Parts Attached 21 | 8 7 2 1 3 Power 4 | 1 1 2 . . Engine 3 | 1 1 1 . . Core 1 | . . 1 . . Reactor . | . . . . . Propulsion 6 | 2 3 . . 1 Treads 6 | 2 3 . . 1 Leg . | . . . . . Wheel . | . . . . . Hover . | . . . . . Flight . | . . . . . Utility 4 | 2 1 . 1 . Device 1 | 1 . . . . Storage 3 | 1 1 . 1 . Processor . | . . . . . Hackware . | . . . . . Protection . | . . . . . Artifact . | . . . . . Weapon 7 | 3 2 . . 2 Energy Gun 4 | 1 2 . . 1 Energy Cannon . | . . . . . Ballistic Gun 2 | 2 . . . . Ballistic Cannon . | . . . . . Launcher . | . . . . . Special Weapon . | . . . . . Impact Weapon 1 | . . . . 1 Slashing Weapon . | . . . . . Piercing Weapon . | . . . . . Special Melee Weapon . | . . . . . Unidentified Prototypes . | . . . . . Parts Lost 9 | . 1 . . 8 Power 1 | . . . . 1 Propulsion 3 | . . . . 3 Utility 1 | . . . . 1 Weapon 4 | . 1 . . 3 Highest Loss Streak 8 | . 1 . . 8 To Critical Strikes . | . . . . . Average Backups 8 | 1 6 9 9 9 Power . | . 1 . 1 1 Propulsion 1 | . . 2 2 1 Utility 4 | . 3 5 4 5 Weapon 1 | . 1 2 2 1 Tool/Special . | . . . . . Unused Backups 8 | . . 2 . 6 Power 1 | . . 1 . . Propulsion 1 | . . . . 1 Utility 6 | . . 1 . 5 Weapon . | . . . . . Tool/Special . | . . . . . Average Slot Usage (%) 97 | . 97 100 100 93 Engine 6 | . 13 5 . . Core 7 | . . 8 14 13 Treads 27 | . 27 28 28 24 Device 13 | . 14 14 14 13 Storage 14 | . 14 14 14 14 Energy Gun 19 | . 5 28 28 23 Ballistic Gun 7 | . 21 . . . Peak Build Rating 13 | 7 10 13 13 13 Average Rating 10 | 5 7 12 13 11 On Entrance 8 | . 7 10 13 13 Naked Turns . | . . . . . Heaviest Build 32 | 15 22 22 32 32 Greatest Support 40 | 40 40 40 40 40 Greatest Overweight (x) 9 | . 4 . . 9 Average Overweight (x) . | . . . . . Largest Inventory Capacity 15 | 8 10 10 15 15 Average Capacity 10 | 7 8 10 11 15 Most Carried 10 | 5 10 10 10 10 Average Carried 8 | 1 6 9 9 9 Final Capacity 15 | 8 10 10 15 15 Final Carried 10 | 2 10 10 10 7 Class Distribution -------------------- 100% | Mutant Dominant Class ---------------- Mutant | -10/Materials Mutant | -10/Mines Mutant | -10/Exiles Mutant | -9/Mines Resources | -11 -10 -10 -10 -9 ----------- Run | Yrd Mat Min Exi Min Matter Collected 688 | 232 386 25 . 45 Remotely . | . . . . . Salvage Created 995 | 83 545 162 . 205 Parts 40 | 3 27 8 . 2 Haulers Intercepted 2 | . 2 . . . Recyclers Shooed 1 | . . 1 . . Parts Field Recycled . | . . . . . Retrieved Matter . | . . . . . Parts Self-Destructed . | . . . . . Prevented . | . . . . . Kills | -11 -10 -10 -10 -9 ------- Run | Yrd Mat Min Exi Min Combat Hostiles Destroyed 26 | . 9 2 . 15 Melee 8 | . . . . 8 Guns 16 | . 9 2 . 5 Classes Destroyed 7 | 2 4 . . 1 Worker 1 | . 1 . . . Tunneler 1 | 1 . . . . Hauler 2 | . 2 . . . Recycler 4 | 1 2 1 . . Swarmer 7 | . 3 . . 4 Grunt 8 | . 6 2 . . Assembled 11 | . . . . 11 Best Kill Streak 11 | 2 4 2 . 11 Combat Bots Only 11 | . 3 2 . 11 Max Kills in Single Turn 2 | 1 1 1 . 2 Gunslinging 1 | . . . . 1 Exploded . | . . . . . Melee 1 | . . . . 1 Uniques/NPCs Destroyed . | . . . . . Combat | -11 -10 -10 -10 -9 -------- Run | Yrd Mat Min Exi Min Hostile Shots Fired 152 | . 58 5 . 89 Missed 30 | . 17 2 . 11 Hits 122 | . 41 3 . 78 Melee 8 | . . . . 8 Projectile 114 | . 41 3 . 70 Part Disruptions 2 | . . . . 2 Damage Taken 1338 | . 433 33 . 872 Core 255 | . 48 . . 207 Absorbed by Shields . | . . . . . Ignored by Resistances 395 | . 129 9 . 257 Core Remaining (%) 100 | 100 . . . . Volleys Fired 66 | 6 35 7 . 18 Largest 2 | 2 2 2 . 2 Hottest 90 | 40 40 90 . 90 Shots Fired 119 | 12 64 14 . 29 Gun 119 | 12 64 14 . 29 Cannon . | . . . . . Launcher . | . . . . . Special . | . . . . . Kinetic 76 | 12 64 . . . Thermal . | . . . . . Explosive . | . . . . . Electromagnetic 43 | . . 14 . 29 Robot Hit Streak 24 | 4 20 8 . 24 Robot Miss Streak 3 | 1 1 2 . 3 Penetration Max . | . . . . . Secondary Targets 2 | . . . . 2 Max Gunslinging Chain 1 | . . . . 1 Shots Hit Robots 110 | 7 54 9 . 40 Core Hits 46 | 3 26 5 . 12 Critical Kills . | . . . . . Critical Parts Destroyed 3 | . . . . 3 Critical Strikes 4 | . . 1 . 3 Corrupt 1 | . . 1 . . Smash 3 | . . . . 3 Melee Attacks 17 | . . . . 17 Impact 17 | . . . . 17 Slashing . | . . . . . Piercing . | . . . . . Sneak Attacks . | . . . . . Combat Hostiles . | . . . . . Follow-up Attacks . | . . . . . Damage Inflicted 2073 | 96 667 198 . 1112 Guns 1252 | 96 667 177 . 312 Cannons . | . . . . . Explosions 21 | . . 21 . . Melee 800 | . . . . 800 Ramming . | . . . . . Kinetic 763 | 96 667 . . . Thermal 21 | . . 21 . . Explosive . | . . . . . Electromagnetic 489 | . . 177 . 312 Impact 800 | . . . . 800 Slashing . | . . . . . Piercing . | . . . . . Highest Corruption . | . . . . . Average Corruption . | . . . . . Corruption Purged . | . . . . . Corruption Blocked . | . . . . . Overload Shots . | . . . . . Overflow Damage 350 | . . . . 350 Projectiles . | . . . . . Explosions . | . . . . . Melee 350 | . . . . 350 Knockbacks 1 | . . . . 1 Impact 1 | . . . . 1 Kinetic . | . . . . . Secondary . | . . . . . Self-Inflicted Damage . | . . . . . Shots . | . . . . . Rammed . | . . . . . Targets Rammed . | . . . . . Kicked . | . . . . . Crushed . | . . . . . Highest Temperature 493 | . 2 105 . 493 Average Temperature 194 | . 2 41 . 268 Received Heat Transfer 520 | . 156 24 . 340 Effects 5 | . . . . 5 Shutdowns 1 | . . . . 1 Energy Bleed 2 | . . . . 2 Interference 2 | . . . . 2 Siege Activations . | . . . . . Martial Activations . | . . . . . Shielding Activations . | . . . . . Robots Disrupted . | . . . . . Combat Hostiles . | . . . . . Robots Corrupted 2 | . . . . 2 Combat Hostiles 2 | . . . . 2 Parts Fried 2 | . . . . 2 Impact Corruptions 13 | . . . . 13 Robots Melted . | . . . . . Combat Hostiles . | . . . . . Parts Melted . | . . . . . Heat Transferred 50 | . . 50 . . Parts Sabotaged . | . . . . . Parts Stolen . | . . . . . Parts Stripped . | . . . . . Power Chain Reactions 1 | . . 1 . . Alert | -11 -10 -10 -10 -9 ------- Run | Yrd Mat Min Exi Min Maximum Alert Level . | . . . . . Low Security (%) 100 | 100 100 100 . 100 Level 1 . | . . . . . Level 2 . | . . . . . Level 3 . | . . . . . Level 4 . | . . . . . Level 5 . | . . . . . High Security . | . . . . . Max Security . | . . . . . Peak Influence 118 | 5 118 56 . 80 Initial 2 | . 2 . . . Average 24 | 1 45 6 . 16 Influence Increases 439 | 10 278 61 . 90 Destroy 0b10 Robot/C 300 | . 180 40 . 80 Destroy 0b10 Robot/NC 40 | 10 25 5 . . Destroy Leader 54 | . 34 10 . 10 Successful Hack 8 | . 8 . . . Destroy Structure 7 | . 1 6 . . Lose Combat Pursuer 30 | . 30 . . . Influence Decreases 439 | 5 283 61 . 90 Entered New Map 3 | . 3 . . . Time Decay 426 | 5 270 61 . 90 Lost Part 10 | . 10 . . . Squads Dispatched 1 | . . 1 . . Investigation 1 | . . 1 . . Extermination . | . . . . . Reinforcement . | . . . . . Assault . | . . . . . Garrison . | . . . . . Intercept . | . . . . . Searches Triggered . | . . . . . Construction Impeded . | . . . . . Haulers Reinforced . | . . . . . Active Scanning Responses . | . . . . . Cargo Convoy Interrupts . | . . . . . Stealth | -11 -10 -10 -10 -9 --------- Run | Yrd Mat Min Exi Min Distress Signals . | . . . . . Communications Jammed . | . . . . . Distress Signals . | . . . . . Times Spotted 48 | . 15 3 . 30 Peak Tracking Total 20 | . 3 1 . 20 Tactical Retreats 4 | . 2 . . 2 Traps | -11 -10 -10 -10 -9 ------- Run | Yrd Mat Min Exi Min Traps Triggered 3 | . 3 . . . Indirectly . | . . . . . Trap Hack Attempts . | . . . . . Triggered . | . . . . . Disarmed . | . . . . . Reprogrammed . | . . . . . Reused . | . . . . . Traps Extracted . | . . . . . Installed . | . . . . . Triggered . | . . . . . Machines | -11 -10 -10 -10 -9 ---------- Run | Yrd Mat Min Exi Min Machines Disabled . | . . . . . Max in Single Turn . | . . . . . Machines Repaired . | . . . . . Machines Dismantled . | . . . . . Machines Sabotaged . | . . . . . Overloaded Fab Kills . | . . . . . Hacking | -11 -10 -10 -10 -9 --------- Run | Yrd Mat Min Exi Min Machines Accessed 5 | . 4 1 . . Terminals 4 | . 4 . . . Fabricators . | . . . . . Repair Stations . | . . . . . Recycling Units . | . . . . . Scanalyzers . | . . . . . Garrison Access . | . . . . . Total Hacks 16 | . 15 1 . . Successful 10 | . 9 1 . . Failed 6 | . 6 . . . Catastrophic . | . . . . . Database Lockouts . | . . . . . Manual 7 | . 7 . . . Terminals 15 | . 15 . . . Fabricators . | . . . . . Repair Stations . | . . . . . Recycling Units . | . . . . . Scanalyzers . | . . . . . Garrison Access . | . . . . . Terminal Hacks 6 | . 5 1 . . Record 4 | . 4 . . . Prototype ID Bank 1 | . 1 . . . Open Door 1 | . . 1 . . Fabricator Hacks . | . . . . . Repair Station Hacks . | . . . . . Recycling Unit Hacks . | . . . . . Scanalyzer . | . . . . . Garrison Access Hacks . | . . . . . Unauthorized Hacks 4 | . 4 . . . Terminals 4 | . 4 . . . Botnet 4 | . 4 . . . Fabricators . | . . . . . Repair Stations . | . . . . . Recycling Units . | . . . . . Scanalyzers . | . . . . . Garrison Access . | . . . . . Data Cores Recovered . | . . . . . Used . | . . . . . Hacking Detections 4 | . 4 . . . Full Trace Events . | . . . . . Feedback Events . | . . . . . Feedback Blocked . | . . . . . Robot Schematics Acquired . | . . . . . Robots Built . | . . . . . Authchips . | . . . . . Time . | . . . . . Total Robot Build Rating . | . . . . . Part Schematics Acquired . | . . . . . Parts Built . | . . . . . Authchips . | . . . . . Time . | . . . . . Total Part Build Rating . | . . . . . Parts Repaired . | . . . . . Time . | . . . . . Parts Recycled . | . . . . . Recycled Matter . | . . . . . Retrieved Matter . | . . . . . Retrieved Components . | . . . . . Parts Scanalyzed . | . . . . . Part Schematics Acquired . | . . . . . Parts Damaged . | . . . . . Bothacking | -11 -10 -10 -10 -9 ------------ Run | Yrd Mat Min Exi Min Used RIF Installer . | . . . . . Robots Hacked . | . . . . . Non-combat . | . . . . . Combat . | . . . . . Robot Hacks Applied . | . . . . . Relay Couplers Released . | . . . . . Fabnet Peak Effective % . | . . . . . Robots Rewired . | . . . . . Allies Hacked . | . . . . . Hacks Repelled . | . . . . . Allies | -11 -10 -10 -10 -9 -------- Run | Yrd Mat Min Exi Min Total Allies 1 | . . 1 . . Largest Group 1 | . . 1 1 . Highest-Rated Group 31 | . . 31 31 . Highest-Rated Ally 31 | . . 31 31 . Total Orders . | . . . . . Ally Attacks . | . . . . . Total Damage . | . . . . . Kills . | . . . . . Allies Corrupted . | . . . . . Allies Melted . | . . . . . Intel | -11 -10 -10 -10 -9 ------- Run | Yrd Mat Min Exi Min Active Infowar (turns) 2056 | 18 724 531 398 385 Seismic 2056 | 18 724 531 398 385 Robot Analysis Total . | . . . . . Derelict Logs Recovered 2 | . . 1 . 1 Drone Launches . | . . . . . Drone Recoveries . | . . . . . Exploration | -11 -10 -10 -10 -9 ------------- Run | Yrd Mat Min Exi Min Turns Passed 2168 | 94 724 531 398 421 Spaces Moved 1125 | 45 354 309 248 169 Core 18 | 11 3 . . 4 Treads 1107 | 34 351 309 248 165 Legs . | . . . . . Wheels . | . . . . . Hover . | . . . . . Flight . | . . . . . Fastest Speed 50 | 50 100 160 160 160 Average Speed 159 | 133 159 160 160 167 Slowest Speed 500 | 160 250 160 160 500 Overloaded Moves . | . . . . . Propulsion Burnouts . | . . . . . Robots Hopped . | . . . . . Potential Cave-ins . | . . . . . Cave-ins Triggered . | . . . . . Exploration Rate (%) 42 | 4 39 65 61 42 Regions Visited 4 Branch Regions 3 Pre-discovered Areas . | . . . . . Known Exits Taken 1 | . . . 1 . Unknown Exits Taken 3 | 1 1 1 . . Scrap Searched 1 | . . 1 . . Spaces Dug . | . . . . . Terrain Destroyed 6 | . . 6 . . Melee . | . . . . . Projectile . | . . . . . AOE 6 | . . 6 . . Terrain Rammed . | . . . . . Walls Destroyed . | . . . . . Machines Disabled . | . . . . . Actions | -11 -10 -10 -10 -9 --------- Run | Yrd Mat Min Exi Min Total 1349 | 67 451 332 251 248 Wait 78 | . 30 9 . 39 Move 1121 | 44 353 308 247 169 Hop . | . . . . . Pick Up 28 | 9 15 3 1 . Fast Attach 1 | . 1 . . . Attach 16 | 7 6 . . 3 Detach . | . . . . . Swap 11 | 1 5 2 1 2 Drop 11 | . 6 3 2 . Fire 66 | 6 35 7 . 18 Melee 17 | . . . . 17 Ram . | . . . . . Kick . | . . . . . Crush . | . . . . . Escape Stasis . | . . . . . Rewire . | . . . . . Trap . | . . . . . Miscellaneous . | . . . . . Route ------- -11/Scrapyard -10/Materials (discovered 2 exits: *Min x2) -10/Mines (discovered 2 exits: [*Mat] / [*Exi]) -10/Exiles (discovered 2 exits: *Min x2) -9/Mines History --------- Turn | Location | Event 6 | -11/Scrapyard | Discovered new exit (range 15) 95 | -11/Scrapyard | Entered Materials 255 | -10/Materials | Discovered new exit (range 15) 307 | -10/Materials | Build established: Mutant 596 | -10/Materials | Discovered new exit (range 13) 819 | -10/Materials | Entered Mines 904 | -10/Mines | Met a Derelict shopkeep closing up shop 933 | -10/Mines | Discovered new exit (range 4) 1131 | -10/Mines | Found a damaged Exp. Sensor Array with a note attached 1134 | -10/Mines | Found Prototype Device 1318 | -10/Mines | Received a Mining Laser from a helpful Derelict 1342 | -10/Mines | Deemed a non-threat by the Exiles lab entrance 1343 | -10/Mines | Discovered new exit (range 5) 1350 | -10/Mines | Entered Exiles 1350 | -10/Exiles | Found Exiles lab abandoned 1350 | -10/Exiles | Accompanied by 1 ally 1351 | -10/Exiles | Identified exit to Mines 1748 | -10/Exiles | Entered Mines 1764 | -9/Mines | Met a Derelict bent on vengeance 1809 | -9/Mines | Learned Materials trap positions 2045 | -9/Mines | Assembled infested the area 2116 | -9/Mines | Core integrity fell below 50% 2157 | -9/Mines | Core integrity fell below 20% 2169 | -9/Mines | Destroyed by as-19708 with Assembled Rifle Last Messages --------------- 02144_ as-57762 suffers critical hit (Smash). 02144_ Destroyed Asb. Hover Unit. 02144_ as-57762 system corrupted by crushing effect. 02144_ as-57762 destroyed. 02147_ Destroyed Asb. F-torch. 02147_ as-90350 system corrupted by crushing effect. 02158_ Destroyed Asb. Hover Unit. 02158_ as-40548 system corrupted by crushing effect. 02158_ as-40548 destroyed. 02159_ Knocked back. 02164_ Destroyed Asb. Hover Unit. 02164_ as-58514 system corrupted by crushing effect. 02164_ as-58514 destroyed. 02167_ Destroyed Asb. Hover Unit. 02167_ as-19708 system corrupted by crushing effect. Map ----- +----------------------------------------------------+ | | | | | | | | | | | | | | | | | | | | | | | | | | | | | | | | | | | ??????????????????????????????????????????? | | ??????????????####????????????????????????? | | ?????????????## ##???????????????????????? | | ??????????#### #???????????????????????? | | ??????????# #???????????????????????? | | ??????????# ## ##??????????????????????? | | ??????????# ### %#########??????????????? | | ??????????# #?##% =aa=%=! ???????? | | ??????????# #??## @#########??????????????? | | ??????????# #???#%%##?????????????????????? | | ????####### #???# % #?????????????????????? | | ?#### ##??## ????????????????????? | | # #???## ??????????????????? | | # #????#### ????????????????? | | # #????????# ??????????????? | | ?#### ##?????????## #?????????????? | | ????## ## ##?????????????###?????????????? | | ?????###?# #??????????????????????????????? | | ?????????# #??????????????????????????????? | | ?????????# #??????????????????????????????? | | ?????????# #######????????????????????????? | | ?????????# #????????????????????????? | | ?????????# ##### #????????????????????????? | | ?????????# #???# ###??????????????????????? | | ?????????# #???# #??????????????????????? | | ?????????# #???### #??????????????????????? | | ?????????# #?????# #??????????????????????? | | ?????????# #?????# #??????????????????????? | | ?????????# #????## #??????????????????????? | | ?????????? ????## ##?????????????????????? | | ?????????? ????# #?????????????????????? | | ?????????? ????# #?????????????????????? | | ?????????? ????# ##????????????????????? | +----------------------------------------------------+ Best States ------------- Heat Dissipation 25 Energy Generation 14 Energy Capacity 250 Matter Stores 300 Matter Capacity 300 Sight Range 16 Terrain Scan Density 10 Resistance: KI 20 Resistance: TH 20 Resistance: EX 20 Resistance: EM 20 Resistance: I 20 Resistance: S 20 Resistance: P 20 Evasion (%) 50 Recoil Reduction 2 Offensive Hacking 10 Item Schematics ----------------- None Robot Schematics ------------------ None Fabricated ------------ Nothing Repaired ---------- Nothing Alien Tech Used ----------------- None Achievements -------------- Hunted Challenges ------------ None Game ------ Seed AntigravSurveybotBroadsword Manual? 0 Play Time 00:14:52 Cumulative 15.9 hours Start 2025.05.07 @ 03:14:08 End 2025.05.07 @ 03:26:34 Sessions 1 Manual Loads 0 Difficulty Adventurer Special Mode None Game No. 38 Rogue 35 Adventurer 2 Explorer 1 Win Type - Total 0 Types 0/0/0/0/0/0/0/0/0/0 Lore% 10 Gallery% 23 Achievement% 22 Wizard Run 0 Options --------- Layout 1 ASCII 0 Keyboard 0 Movement Mouse Keybinds 0 Fullscreen 2 Font 24/Smallcaps Map View 50x35 Zoom Use 0% Tactical HUD 1 Map Filters NONE Filters NONE Steam 1 RUN: 148fa026-432c-4c09-8c67-8cf4c329f062